[Event "36th Indian-ch U13 Open 2023"]
[Site "Secunderabad"]
[Date "2023.12.04"]
[Round "1.1"]
[White "Atharv Singh Negi"]
[Black "Venkat, Raghav"]
[Result "0-1"]
[ECO "C58"]
[WhiteElo "1195"]
[BlackElo "2205"]
[Annotator "RC"]
[PlyCount "82"]
[EventDate "2023.12.04"]
[EventType "swiss"]
[EventCountry "IND"]
[SourceTitle "playchess.com"]
[Source "ChessBase"]
[SourceQuality "1"]
[TimeControl "5400+30"]

1. e4 e5 2. Nf3 Nc6 3. Bc4 Nf6 4. Ng5 d5 5. exd5 Na5 6. Bb5+ c6 7. dxc6 bxc6 8. Qf3 Bd7 9. Be2 Be7 10. Nc3 O-O 11. h3 Nd5 12. h4 Nb4 13. Bd3 f5 14. a3 Nxd3+ 15. Qxd3 h6 16. b4 hxg5 17. hxg5 Bxg5 18. bxa5 Be6 19. Qh3 Qf6 20. Na4 Bh6 21. Nc5 e4 22. Rb1 Rab8 23. Nb7 f4 24. Qh5 e3 25. dxe3 fxe3 26. Bxe3 Qc3+ 27. Kd1 Bf5 28. Qe2 Rfd8+ 29. Kc1 Qxa3+ 30. Rb2 Rxb7 31. Qc4+ Rd5 32. Qa2 Bxe3+ 33. fxe3 Qxe3+ 34. Kb1 Rxb2+ 35. Kxb2 Qd4+ 36. Kc1 Qd2+ 37. Kb1 Bxc2+ 38. Qxc2 Rb5+ 39. Ka1 Qxc2 40. Rh8+ Kxh8 41. a6 Qb2# 0-1

[Event "36th Indian-ch U13 Open 2023"]
[Site "Secunderabad"]
[Date "2023.12.04"]
[Round "1.2"]
[White "Vivaan Vijay Saraogi"]
[Black "Meetansh Dixit"]
[Result "1/2-1/2"]
[ECO "B33"]
[WhiteElo "1982"]
[BlackElo "1194"]
[Annotator "NA RC"]
[PlyCount "118"]
[EventDate "2023.12.04"]
[EventType "swiss"]
[EventCountry "IND"]
[SourceTitle "playchess.com"]
[Source "ChessBase"]
[SourceQuality "1"]
[TimeControl "5400+30"]

1. e4 c5 2. Nf3 Nc6 3. d4 cxd4 4. Nxd4 Nf6 5. Nc3 e5 6. Ndb5 d6 7. Bg5 a6 8. Na3 b5 9. Nd5 Be7 10. Bxf6 Bxf6 11. c3 O-O 12. Nc2 Bg5 13. a4 bxa4 14. Rxa4 Bb7 15. Bc4 Kh8 16. h4 Bh6 17. Nce3 Bxe3 18. Nxe3 Ne7 19. Qd3 f5 20. exf5 Qd7 21. Rb4 Qc6 22. Be6 d5 23. h5 Rad8 24. Rg4 Ng8 25. h6 Nxh6 26. Qd2 d4 27. cxd4 Nxg4 28. d5 Qa4 29. Rh4 Qa1+ 30. Nd1 Nf6 31. d6 e4 32. Qb4 Bc6 33. Bb3 Qc1 34. Rh3 Qf4 35. Ne3 Qxd6 36. Qc3 Bb5 37. Be6 Qc6 38. Qxc6 Bxc6 39. Nc4 Bd5 40. Ne5 Bxe6 41. fxe6 Rde8 42. e7 Rxe7 43. Ng6+ Kg8 44. Nxe7+ Kf7 45. Nf5 Rb8 46. Ra3 Rxb2 47. Rxa6 Kg6 48. Ne3 Rb5 49. Ra7 Nd5 50. Nxd5 Rxd5 51. Re7 Rg5 52. g3 Rg4 53. Ke2 Kf6 54. Ra7 h5 55. Ra6+ Kg5 56. Ra5+ Kh6 57. Ke3 h4 58. gxh4 Rxh4 59. Re5 g5 1/2-1/2

[Event "36th Indian-ch U13 Open 2023"]
[Site "Secunderabad"]
[Date "2023.12.04"]
[Round "1.3"]
[White "Devansh Gupta"]
[Black "Aakash G"]
[Result "0-1"]
[ECO "C01"]
[WhiteElo "1293"]
[BlackElo "1935"]
[Annotator "NA RC"]
[PlyCount "72"]
[EventDate "2023.12.04"]
[EventType "swiss"]
[EventCountry "IND"]
[SourceTitle "playchess.com"]
[Source "ChessBase"]
[SourceQuality "1"]
[TimeControl "5400+30"]

1. e4 e6 2. d4 d5 3. exd5 exd5 4. Bd3 c5 5. Ne2 c4 6. Nbc3 cxd3 7. Qxd3 Nc6 8. a3 Nf6 9. Bg5 Be7 10. O-O-O O-O 11. h4 h6 12. Qg3 Nh5 13. Qd3 Bxg5+ 14. hxg5 Qxg5+ 15. Kb1 Bf5 16. Qf3 Bg4 17. Qd3 Bxe2 18. Qxe2 Nf4 19. Qf3 Rad8 20. g3 Ne6 21. Ne2 Qg6 22. Qc3 Rc8 23. Qb3 Na5 24. Qd3 Qxd3 25. Rxd3 Ng5 26. Nc3 Ne4 27. Nxe4 dxe4 28. Re3 Nc4 29. Re2 f5 30. Rd1 b5 31. g4 fxg4 32. Rxe4 Rxf2 33. Re7 Nd2+ 34. Ka1 Rxc2 35. Rg1 Nb3+ 36. Ka2 Rxb2# 0-1

[Event "36th Indian-ch U13 Open 2023"]
[Site "Secunderabad"]
[Date "2023.12.04"]
[Round "1.4"]
[White "Kolla Bhaavan"]
[Black "Avnish Borker"]
[Result "1-0"]
[ECO "B12"]
[WhiteElo "1917"]
[BlackElo "1192"]
[Annotator "NA RC"]
[PlyCount "53"]
[EventDate "2023.12.04"]
[EventType "swiss"]
[EventCountry "IND"]
[SourceTitle "playchess.com"]
[Source "ChessBase"]
[SourceQuality "1"]
[TimeControl "5400+30"]

1. e4 c6 2. d4 d5 3. Bd3 h6 4. e5 e6 5. Be3 Qb6 6. Qc1 c5 7. Nf3 Nc6 8. c3 Bd7 9. O-O cxd4 10. cxd4 Rc8 11. Nc3 Bb4 12. Qd1 Nge7 13. Ne2 Qd8 14. a3 Ba5 15. b4 Bb6 16. Ne1 O-O 17. Qd2 f6 18. exf6 Rxf6 19. Bb1 Nf5 20. Nf3 Nd6 21. Ng3 Nc4 22. Qd3 a5 23. Qh7+ Kf8 24. Nh5 Rxf3 25. Qxg7+ Ke8 26. Bg6+ Rf7 27. Qxf7# 1-0

[Event "36th Indian-ch U13 Open 2023"]
[Site "Secunderabad"]
[Date "2023.12.04"]
[Round "1.5"]
[White "Tathagath Nayak"]
[Black "Gaikwad Manas"]
[Result "0-1"]
[ECO "B50"]
[WhiteElo "1192"]
[BlackElo "1916"]
[Annotator "NA RC"]
[PlyCount "68"]
[EventDate "2023.12.04"]
[EventType "swiss"]
[EventCountry "IND"]
[SourceTitle "playchess.com"]
[Source "ChessBase"]
[SourceQuality "1"]
[TimeControl "5400+30"]

1. e4 c5 2. Nf3 d6 3. b4 cxb4 4. d4 Nf6 5. Bd3 e6 6. a3 Nc6 7. c3 bxc3 8. Nxc3 Be7 9. Qc2 h6 10. Rb1 O-O 11. O-O d5 12. e5 Nd7 13. Ra1 f5 14. Ne2 Nb6 15. Nf4 Qe8 16. h4 g5 17. hxg5 hxg5 18. Ne2 Qg6 19. g4 Qg7 20. Nh2 Bd7 21. Kg2 Rac8 22. Qa2 Be8 23. Rg1 f4 24. Nf3 Bg6 25. Bxg6 Qxg6 26. Bd2 Nc4 27. Qb3 Qe4 28. Qb1 Qxf3+ 29. Kxf3 Nxd2+ 30. Kg2 Nxb1 31. Raxb1 f3+ 32. Kf1 fxe2+ 33. Kxe2 b6 34. Kd3 Rxf2 0-1

[Event "36th Indian-ch U13 Open 2023"]
[Site "Secunderabad"]
[Date "2023.12.04"]
[Round "1.6"]
[White "Sriram Adarsh Uppala"]
[Black "Aerramalla Bava Samavart"]
[Result "1-0"]
[ECO "D02"]
[WhiteElo "1902"]
[BlackElo "1190"]
[Annotator "NA RC"]
[PlyCount "61"]
[EventDate "2023.12.04"]
[EventType "swiss"]
[EventCountry "IND"]
[SourceTitle "playchess.com"]
[Source "ChessBase"]
[SourceQuality "1"]
[TimeControl "5400+30"]

1. d4 d5 2. Bf4 Nf6 3. e3 Bf5 4. c4 e6 5. Nc3 c6 6. Qb3 b6 7. Nf3 Bd6 8. Be5 Bg4 9. Bxd6 Bxf3 10. Bxb8 dxc4 11. Bxc4 Bxg2 12. Rg1 Rxb8 13. Rxg2 g6 14. Be2 b5 15. Bf3 Qd7 16. Ne4 Nxe4 17. Bxe4 O-O 18. Rc1 Rb6 19. h4 Qd6 20. h5 Rd8 21. hxg6 hxg6 22. Rc5 Kg7 23. Bxg6 fxg6 24. Rcg5 e5 25. Rxg6+ Qxg6 26. Rxg6+ Kxg6 27. Qe6+ Kh5 28. Qf5+ Kh4 29. Qf6+ Kh3 30. Qxd8 exd4 31. exd4 1-0

[Event "36th Indian-ch U13 Open 2023"]
[Site "Secunderabad"]
[Date "2023.12.04"]
[Round "1.7"]
[White "Anay Saraf"]
[Black "Sharnarthi Viresh"]
[Result "0-1"]
[ECO "E91"]
[WhiteElo "1190"]
[BlackElo "1850"]
[Annotator "NA RC"]
[PlyCount "70"]
[EventDate "2023.12.04"]
[EventType "swiss"]
[EventCountry "IND"]
[SourceTitle "playchess.com"]
[Source "ChessBase"]
[SourceQuality "1"]
[TimeControl "5400+30"]

1. d4 Nf6 2. c4 g6 3. Nc3 Bg7 4. e4 d6 5. Nf3 O-O 6. Be2 Bg4 7. O-O Nc6 8. Be3 Nd7 9. d5 Bxf3 10. Bxf3 Na5 11. Be2 c5 12. Qc2 e6 13. Rab1 exd5 14. exd5 b6 15. a3 Ne5 16. Ne4 Re8 17. b4 cxb4 18. axb4 Naxc4 19. Bxc4 Rc8 20. Nd2 Nxc4 21. Nxc4 b5 22. Bxa7 Rxc4 23. Qd3 f5 24. Rfc1 Qd7 25. Bb6 Qb7 26. Ba5 Rd4 27. Rc7 Qxd5 28. Qc2 Rd2 29. Qc1 Bb2 30. Qf1 Rxf2 31. Kxf2 Bd4+ 32. Kg3 Re3+ 33. Kf4 Qe4+ 34. Kg5 Qg4+ 35. Kh6 Qh4# 0-1

[Event "36th Indian-ch U13 Open 2023"]
[Site "Secunderabad"]
[Date "2023.12.04"]
[Round "1.8"]
[White "Reyan"]
[Black "Daksh Kurma"]
[Result "1-0"]
[ECO "B27"]
[WhiteElo "1842"]
[BlackElo "1189"]
[Annotator "NA RC"]
[PlyCount "73"]
[EventDate "2023.12.04"]
[EventType "swiss"]
[EventCountry "IND"]
[SourceTitle "playchess.com"]
[Source "ChessBase"]
[SourceQuality "1"]
[TimeControl "5400+30"]

1. e4 c5 2. Nc3 g6 3. d4 cxd4 4. Qxd4 Nf6 5. Nf3 Nc6 6. Qa4 d6 7. e5 dxe5 8. Nxe5 Bd7 9. Nxd7 Qxd7 10. Be3 Nd5 11. Nxd5 Qxd5 12. c3 O-O-O 13. Rd1 Qxd1+ 14. Qxd1 Rxd1+ 15. Kxd1 Bg7 16. Bc4 Rd8+ 17. Kc2 e6 18. b4 Kc7 19. Re1 b6 20. a4 a5 21. b5 Ne5 22. Bf4 Kd6 23. Ba2 Rc8 24. Bg3 Rc5 25. f3 Ke7 26. Bf2 Rc7 27. Bxb6 Rxc3+ 28. Kxc3 Nxf3+ 29. Kc4 Nxe1 30. Bxa5 Nxg2 31. Kc5 Ne3 32. Kc6 Ng4 33. Bc7 Ne5+ 34. Bxe5 Bxe5 35. a5 f5 36. a6 Bb8 37. b6 1-0

[Event "36th Indian-ch U13 Open 2023"]
[Site "Secunderabad"]
[Date "2023.12.04"]
[Round "1.9"]
[White "Kedarnath U"]
[Black "Mrinmoy Rajkhowa"]
[Result "0-1"]
[ECO "B90"]
[WhiteElo "1189"]
[BlackElo "1840"]
[Annotator "NA RC"]
[PlyCount "66"]
[EventDate "2023.12.04"]
[EventType "swiss"]
[EventCountry "IND"]
[SourceTitle "playchess.com"]
[Source "ChessBase"]
[SourceQuality "1"]
[TimeControl "5400+30"]

1. e4 c5 2. Nf3 d6 3. d4 cxd4 4. Nxd4 Nf6 5. Nc3 a6 6. f3 e5 7. Nb3 Be6 8. Be3 h5 9. Qd2 Nbd7 10. O-O-O Rc8 11. Kb1 Be7 12. f4 b5 13. f5 Bc4 14. Bxc4 bxc4 15. Nc1 Qc7 16. Bf2 Rb8 17. Rhe1 O-O 18. h3 Nc5 19. Bxc5 Qxc5 20. Nd5 Nxd5 21. Qxd5 Qa3 22. b3 c3 23. Nd3 Rfc8 24. b4 Rxb4+ 25. Ka1 Rb5 26. Rb1 Rxd5 27. exd5 Rc4 28. Rb3 Qa5 29. Rb8+ Kh7 30. Rb7 Ra4 31. Nc1 Bg5 32. Nb3 Rxa2+ 33. Kb1 Rb2# 0-1

[Event "36th Indian-ch U13 Open 2023"]
[Site "Secunderabad"]
[Date "2023.12.04"]
[Round "1.10"]
[White "Adharsh K"]
[Black "Shreyansh Alsisaria"]
[Result "1-0"]
[ECO "B41"]
[WhiteElo "1831"]
[BlackElo "1189"]
[Annotator "NA RC"]
[PlyCount "61"]
[EventDate "2023.12.04"]
[EventType "swiss"]
[EventCountry "IND"]
[SourceTitle "playchess.com"]
[Source "ChessBase"]
[SourceQuality "1"]
[TimeControl "5400+30"]

1. e4 c5 2. Nf3 e6 3. d4 cxd4 4. Nxd4 a6 5. Bd3 Nf6 6. c4 Nc6 7. Nc2 Bc5 8. O-O O-O 9. Nc3 Ne5 10. Bf4 Ng6 11. Bg3 d6 12. Qe2 Bd7 13. b4 Ba7 14. Bxd6 Ne7 15. e5 Ne8 16. Ne4 Bc6 17. Rad1 Nxd6 18. exd6 Ng6 19. c5 Nf4 20. Qe3 Nd5 21. Qd2 Qd7 22. Nd4 Rab8 23. Ng5 h6 24. Ngf3 Ba4 25. Rc1 Qd8 26. Ne5 Rc8 27. Bc4 Nf6 28. Nxe6 fxe6 29. Bxe6+ Kh8 30. Ng6+ Kh7 31. Qd3 1-0

[Event "36th Indian-ch U13 Open 2023"]
[Site "Secunderabad"]
[Date "2023.12.05"]
[Round "2.1"]
[White "Venkat, Raghav"]
[Black "Adarsh D"]
[Result "1-0"]
[ECO "C54"]
[WhiteElo "2205"]
[BlackElo "1411"]
[Annotator "RC"]
[PlyCount "149"]
[EventDate "2023.12.04"]
[EventType "swiss"]
[EventCountry "IND"]
[SourceTitle "playchess.com"]
[Source "ChessBase"]
[SourceQuality "1"]
[TimeControl "5400+30"]

1. e4 e5 2. Nf3 Nc6 3. Bc4 Bc5 4. c3 Nf6 5. d3 O-O 6. O-O d6 7. Re1 a5 8. d4 Bb6 9. h3 h6 10. Be3 exd4 11. cxd4 d5 12. exd5 Ne7 13. Nc3 Nexd5 14. Qb3 Be6 15. Na4 Re8 16. Rad1 c6 17. Nc5 Bxc5 18. dxc5 Qc7 19. Bd4 a4 20. Qa3 Nd7 21. Ne5 b5 22. cxb6 N7xb6 23. Bf1 f6 24. Nc4 Nxc4 25. Bxc4 Nf4 26. Bf1 Bd5 27. Qg3 Rxe1 28. Rxe1 Ne6 29. Qxc7 Nxc7 30. a3 Ne6 31. Bc3 Kf7 32. h4 Re8 33. Be2 Nf4 34. Bf1 Ng6 35. Rxe8 Kxe8 36. g3 Ne5 37. Be2 Ke7 38. Bd1 Bb3 39. Bxb3 axb3 40. Bxe5 fxe5 41. Kf1 Kd6 42. Ke2 Kd5 43. Kd3 g5 44. hxg5 e4+ 45. Kc3 hxg5 46. Kxb3 Kd4 47. a4 Kd3 48. a5 Ke2 49. a6 Kxf2 50. a7 e3 51. a8=Q e2 52. Qa7+ Kf1 53. Qf7+ Kg2 54. Qe6 Kf2 55. Qf5+ Kg2 56. Qe4+ Kf2 57. Qd4+ Kf1 58. Qc4 Kf2 59. Qc5+ Kf1 60. Qxc6 e1=Q 61. Qh1+ Kf2 62. Qxe1+ Kxe1 63. Kc3 Kf2 64. b4 Kxg3 65. b5 Kf2 66. b6 g4 67. b7 g3 68. b8=Q g2 69. Qf4+ Ke2 70. Qg3 Kf1 71. Qf3+ Kg1 72. Kd2 Kh2 73. Qf2 Kh1 74. Qh4+ Kg1 75. Ke3 1-0

[Event "36th Indian-ch U13 Open 2023"]
[Site "Secunderabad"]
[Date "2023.12.05"]
[Round "2.2"]
[White "Aakash G"]
[Black "Paarshva Parmar"]
[Result "1-0"]
[ECO "E38"]
[WhiteElo "1935"]
[BlackElo "1410"]
[Annotator "NA RC"]
[PlyCount "69"]
[EventDate "2023.12.04"]
[EventType "swiss"]
[EventCountry "IND"]
[SourceTitle "playchess.com"]
[Source "ChessBase"]
[SourceQuality "1"]
[TimeControl "5400+30"]

1. d4 Nf6 2. c4 e6 3. Nc3 Bb4 4. Qc2 c5 5. dxc5 Bxc5 6. Bf4 Nc6 7. e3 O-O 8. Rd1 d6 9. a3 a5 10. Bxd6 Bxd6 11. c5 Bxc5 12. Rxd8 Rxd8 13. Nf3 Bd7 14. Be2 Ne7 15. O-O Rac8 16. Qb3 Bc6 17. Ne5 Ned5 18. Nxc6 Rxc6 19. Nxd5 Nxd5 20. Bf3 $16 Rb6 21. Qc2 Rc8 22. Rd1 Rbc6 23. Qa4 Bb6 24. g3 h6 25. Qb3 Ba7 26. Qxb7 Bb6 27. Bxd5 exd5 28. Rxd5 R8c7 29. Qa6 Rf6 30. Qd3 Rc1+ 31. Kg2 a4 32. Rd6 Rxd6 33. Qxd6 Bc5 34. Qd8+ Kh7 35. Qd2 1-0

[Event "36th Indian-ch U13 Open 2023"]
[Site "Secunderabad"]
[Date "2023.12.05"]
[Round "2.3"]
[White "Ivan George E"]
[Black "Kolla Bhaavan"]
[Result "0-1"]
[ECO "B11"]
[WhiteElo "1406"]
[BlackElo "1917"]
[Annotator "NA RC"]
[PlyCount "106"]
[EventDate "2023.12.04"]
[EventType "swiss"]
[EventCountry "IND"]
[SourceTitle "playchess.com"]
[Source "ChessBase"]
[SourceQuality "1"]
[TimeControl "5400+30"]

1. e4 c6 2. Nc3 d5 3. Nf3 dxe4 4. Nxe4 Nf6 5. Qe2 Nxe4 6. Qxe4 Nd7 7. Bc4 Nf6 8. Ne5 e6 9. Qe2 b5 10. Bd3 Bb7 11. a4 a6 12. axb5 $11 cxb5 13. Bxb5+ axb5 14. Qxb5+ Nd7 15. Rxa8 Bxa8 16. Nxd7 Qxd7 17. Qb8+ Qd8 18. Qb5+ Ke7 19. b3 f6 20. O-O Qd5 21. Qb4+ Kf7 22. Qg4 h5 23. Qh3 Bc5 24. c4 Qf5 25. Qxf5 exf5 26. Bb2 Rd8 27. Bc3 Rb8 28. b4 Bxb4 29. Rb1 Bd6 30. Ra1 Be4 31. f3 Bd3 32. g3 Bxc4 33. Ra7+ Kg6 34. Rd7 Rb1+ 35. Kg2 Bc5 36. d4 Rb3 37. Be1 Bb4 38. Bxb4 Rxb4 39. d5 Rb2+ 40. Kg1 Be2 41. d6 Bxf3 42. Rd8 Rd2 43. h3 f4 44. gxf4 Kf5 45. Rg8 Kxf4 46. Rxg7 Ke3 47. Re7+ Be4 48. d7 h4 49. d8=Q Rxd8 50. Rd7 Rxd7 51. Kh2 Rd2+ 52. Kg1 Rd1+ 53. Kh2 Rh1# 0-1

[Event "36th Indian-ch U13 Open 2023"]
[Site "Secunderabad"]
[Date "2023.12.05"]
[Round "2.4"]
[White "Gaikwad Manas"]
[Black "Shreyas Mishra"]
[Result "1-0"]
[ECO "B15"]
[WhiteElo "1916"]
[BlackElo "1408"]
[Annotator "NA RC"]
[PlyCount "81"]
[EventDate "2023.12.04"]
[EventType "swiss"]
[EventCountry "IND"]
[SourceTitle "playchess.com"]
[Source "ChessBase"]
[SourceQuality "1"]
[TimeControl "5400+30"]

1. e4 c6 2. d4 d5 3. Nd2 dxe4 4. Nxe4 Nf6 5. Nxf6+ exf6 6. c3 Bd6 7. Bd3 O-O 8. Qc2 Re8+ 9. Ne2 h5 10. Be3 Nd7 11. O-O-O Nf8 12. Kb1 Be6 13. c4 Rc8 14. Nc3 Ng6 15. Ne4 b5 16. c5 Be7 $11 (16... Bc7 $15 {is more appropriate.}) 17. d5 Bxd5 18. Nc3 Bf8 19. Nxd5 cxd5 20. Bxb5 Re7 21. Bc4 Rd7 22. Ba6 Rb8 23. Qa4 Qc7 24. c6 Rb4 25. Qc2 Rd8 26. a3 Re4 27. Bb7 Re6 28. b4 Ne5 29. Bf4 a5 30. b5 d4 31. Ka2 d3 32. Rxd3 Rxd3 33. Qxd3 Qe7 34. Qc3 Qc7 35. Rb1 Re8 36. b6 Qb8 37. Bxe5 fxe5 38. Ba6 Qa8 39. b7 Qxa6 40. c7 Qe6+ 41. Qb3 1-0

[Event "36th Indian-ch U13 Open 2023"]
[Site "Secunderabad"]
[Date "2023.12.05"]
[Round "2.5"]
[White "Bhargava Susanth Saketh M"]
[Black "Sriram Adarsh Uppala"]
[Result "1-0"]
[ECO "B06"]
[WhiteElo "1400"]
[BlackElo "1902"]
[Annotator "NA RC"]
[PlyCount "57"]
[EventDate "2023.12.04"]
[EventType "swiss"]
[EventCountry "IND"]
[SourceTitle "playchess.com"]
[Source "ChessBase"]
[SourceQuality "1"]
[TimeControl "5400+30"]

1. e4 g6 2. d4 Bg7 3. Be3 c6 4. c4 Qb6 5. Qd2 c5 6. Nf3 Nc6 7. e5 cxd4 8. Nxd4 Bxe5 9. Nb3 Qb4 10. Nc3 Na5 11. Bd4 $11 Nxb3 12. axb3 Bxd4 $1 13. Qxd4 Nf6 14. O-O-O O-O 15. g4 Qa5 16. Be2 d6 17. Rhg1 Nd7 18. Nd5 Qd8 19. f4 Nc5 20. Rg3 Be6 21. f5 Bxd5 22. Qxd5 a5 23. fxg6 hxg6 24. Rh3 a4 25. Qg5 axb3 26. Qh6 Nd3+ 27. Rdxd3 Ra1+ 28. Kd2 Qa5+ 29. Rc3 1-0

[Event "36th Indian-ch U13 Open 2023"]
[Site "Secunderabad"]
[Date "2023.12.05"]
[Round "2.6"]
[White "Sharnarthi Viresh"]
[Black "Shaurya Chaudhry"]
[Result "1-0"]
[ECO "E07"]
[WhiteElo "1850"]
[BlackElo "1403"]
[Annotator "NA RC"]
[PlyCount "61"]
[EventDate "2023.12.04"]
[EventType "swiss"]
[EventCountry "IND"]
[SourceTitle "playchess.com"]
[Source "ChessBase"]
[SourceQuality "1"]
[TimeControl "5400+30"]

1. d4 Nf6 2. Nf3 e6 3. c4 d5 4. g3 Bb4+ 5. Bd2 Be7 6. Bg2 c6 7. O-O O-O 8. Nc3 Nbd7 9. Bf4 dxc4 {[%emt 0:01:12] 9...dxc4 is better than 9...Nh5.} 10. a4 a5 11. e4 Bb4 12. Qe2 Nb6 13. Rfd1 h6 14. Ne5 Qe7 15. Nxc4 Nxc4 16. Qxc4 Rd8 17. Na2 {[%emt 0:00:02] [#]} Nh5 $1 $11 18. Be3 Nf6 19. Bf4 {[%emt 0:03:31] [#]} Ra6 $146 ({Predecessor:} 19... Qf8 20. Nxb4 Qxb4 21. Qxb4 axb4 22. Bc7 Re8 23. a5 Nd7 24. Bd6 e5 25. dxe5 Nxe5 26. Bxe5 Rxe5 27. Rd8+ Kh7 28. f4 Re7 {1-0 Antic,D (2470)-Karatzanos,K (1374) Anogia op 2nd 2013 (1)}) 20. Nxb4 axb4 21. Bd2 Qd7 $18 (21... b5 $16 22. Bxb4 (22. Qxb4 Qxb4 23. Bxb4 Rxa4 $16) (22. axb5 Rxa1 23. Rxa1 cxb5 $16) 22... Qa7) 22. Bxb4 e5 23. Bc3 Ne8 24. Qc5 f6 25. Bf3 exd4 26. Rxd4 Qc7 27. Rxd8 Qxd8 28. Rd1 Qc7 29. Bh5 Bd7 30. Qe7 Ra8 31. Rxd7 1-0

[Event "36th Indian-ch U13 Open 2023"]
[Site "Secunderabad"]
[Date "2023.12.05"]
[Round "2.7"]
[White "Harshdeep Singh"]
[Black "Reyan"]
[Result "0-1"]
[ECO "B20"]
[WhiteElo "1399"]
[BlackElo "1842"]
[Annotator "NA RC"]
[PlyCount "88"]
[EventDate "2023.12.04"]
[EventType "swiss"]
[EventCountry "IND"]
[SourceTitle "playchess.com"]
[Source "ChessBase"]
[SourceQuality "1"]
[TimeControl "5400+30"]

1. e4 c5 2. a3 Nc6 3. b4 cxb4 4. axb4 Nxb4 5. c3 Nc6 6. d4 d5 7. exd5 Qxd5 8. Na3 Bf5 9. Nb5 Rc8 10. Bf4 e5 11. dxe5 Qxd1+ 12. Rxd1 a6 13. Nd6+ Bxd6 14. exd6 Nf6 15. Bd3 $17 (15. f3 $11) 15... Bxd3 16. Rxd3 Kd7 17. f3 Nh5 18. Be3 Ne5 19. Rd5 Ke6 20. Rd4 Rxc3 21. Kd2 Rc6 22. Nh3 h6 23. Rb1 b5 24. Ke2 Rxd6 25. g4 Nf6 26. g5 Nd5 27. Ra1 Nc4 28. Bf2 Rhd8 29. gxh6 gxh6 30. Re4+ Kd7 31. Be1 Re8 32. Nf2 f5 33. Rxe8 Nf4+ 34. Kf1 Kxe8 35. Bb4 Ne3+ 36. Kg1 Rg6+ 37. Kh1 Nc2 38. Rb1 Nxb4 39. Rxb4 Ne2 40. Rb1 Rd6 41. Re1 Re6 42. Ra1 Nf4 43. Rc1 Re2 44. Kg1 Rxf2 0-1

[Event "36th Indian-ch U13 Open 2023"]
[Site "Secunderabad"]
[Date "2023.12.05"]
[Round "2.8"]
[White "Mrinmoy Rajkhowa"]
[Black "Sampreet Sudheer"]
[Result "1-0"]
[ECO "B27"]
[WhiteElo "1840"]
[BlackElo "1399"]
[Annotator "NA RC"]
[PlyCount "65"]
[EventDate "2023.12.04"]
[EventType "swiss"]
[EventCountry "IND"]
[SourceTitle "playchess.com"]
[Source "ChessBase"]
[SourceQuality "1"]
[TimeControl "5400+30"]

1. e4 c5 2. Nf3 g6 3. Bc4 Bg7 4. c3 Nf6 5. e5 Ng4 6. Bxf7+ Kxf7 7. Ng5+ Kg8 8. Qxg4 Bxe5 9. d4 cxd4 10. cxd4 d6 11. Qf3 Bf6 12. Nc3 Kg7 13. d5 h6 14. Nge4 Nd7 15. h3 Ne5 16. Qe2 Bf5 17. f4 Nd7 18. O-O Rc8 19. Nxf6 Nxf6 20. Be3 Kh7 21. Bd4 Re8 22. g4 Bd7 23. g5 Nh5 24. f5 Rg8 25. fxg6+ Rxg6 26. Rf7+ Ng7 27. Qe4 e5 28. dxe6 Qxg5+ 29. Kh1 Kg8 30. exd7 Kxf7 31. dxc8=Q Qg3 32. Rf1+ Rf6 33. Rxf6# 1-0

[Event "36th Indian-ch U13 Open 2023"]
[Site "Secunderabad"]
[Date "2023.12.05"]
[Round "2.9"]
[White "Siddhant Chaturvedi"]
[Black "Adharsh K"]
[Result "0-1"]
[ECO "B96"]
[WhiteElo "1386"]
[BlackElo "1831"]
[Annotator "NA RC"]
[PlyCount "44"]
[EventDate "2023.12.04"]
[EventType "swiss"]
[EventCountry "IND"]
[SourceTitle "playchess.com"]
[Source "ChessBase"]
[SourceQuality "1"]
[TimeControl "5400+30"]

1. e4 c5 2. Nf3 Nc6 3. d4 cxd4 4. Nxd4 Nf6 5. Nc3 d6 6. Bg5 e6 7. f4 h6 8. Bh4 Be7 9. Bf2 a6 10. Qf3 Bd7 11. O-O-O Rc8 12. h3 Qa5 13. g4 Nb4 14. a3 Rxc3 15. bxc3 Qxa3+ 16. Kd2 Na2 17. Bd3 Nxc3 18. Ra1 Qb4 19. Ke3 d5 20. Be1 Bc5 21. Bxc3 Qxc3 22. Ra4 Bxa4 0-1

[Event "36th Indian-ch U13 Open 2023"]
[Site "Secunderabad"]
[Date "2023.12.05"]
[Round "2.10"]
[White "Siddhanth Poonja"]
[Black "Abhiraj De"]
[Result "1-0"]
[ECO "D00"]
[WhiteElo "1806"]
[BlackElo "1395"]
[Annotator "NA RC"]
[PlyCount "57"]
[EventDate "2023.12.04"]
[EventType "swiss"]
[EventCountry "IND"]
[SourceTitle "playchess.com"]
[Source "ChessBase"]
[SourceQuality "1"]
[TimeControl "5400+30"]

1. d4 d5 2. Nc3 Nf6 3. Bf4 a6 4. e3 Bf5 5. Nf3 e6 6. Ne5 Nbd7 7. g4 Bg6 8. h4 h6 9. Nxg6 fxg6 10. Qd3 Qe7 11. Qxg6+ Qf7 12. Bd3 Bd6 13. Bxd6 cxd6 14. O-O-O Qxg6 15. Bxg6+ Ke7 16. Rdg1 Raf8 17. f4 Nb6 18. Bd3 Nfd7 19. a4 Nb8 20. a5 N6d7 21. f5 Nc6 22. fxe6 Kxe6 23. Bf5+ Ke7 24. Nxd5+ Kd8 25. b4 Nf6 26. Nf4 Ke7 27. Ng6+ Kf7 28. Nxh8+ Rxh8 29. g5 1-0

[Event "36th Indian-ch U13 Open 2023"]
[Site "Secunderabad"]
[Date "2023.12.06"]
[Round "4.1"]
[White "Venkat, Raghav"]
[Black "Darshan, V P S"]
[Result "0-1"]
[ECO "B33"]
[WhiteElo "2205"]
[BlackElo "1670"]
[Annotator "RC"]
[PlyCount "150"]
[EventDate "2023.12.04"]
[EventType "swiss"]
[EventCountry "IND"]
[SourceTitle "playchess.com"]
[Source "ChessBase"]
[SourceQuality "1"]
[TimeControl "5400+30"]

1. e4 c5 2. Nf3 Nc6 3. d4 cxd4 4. Nxd4 Nf6 5. Nc3 e5 6. Ndb5 d6 7. Bg5 a6 8. Na3 b5 9. Nd5 Be7 10. Bxf6 Bxf6 11. c3 O-O 12. Nc2 Bg5 13. a4 bxa4 14. Rxa4 a5 15. Bc4 Rb8 16. b3 Kh8 17. O-O f5 18. exf5 Bxf5 19. Nce3 Bg6 20. Re1 Bh4 21. Ra2 a4 22. b4 e4 23. Nf1 Ne5 24. Ba6 Qd7 25. Ng3 Bf7 26. c4 Bxd5 27. cxd5 Bxg3 28. hxg3 Rxb4 29. Qd2 Rfb8 30. Rc1 h6 31. Qc2 Qa7 32. Be2 Rf8 33. Bh5 Nd3 34. Rf1 Qc5 35. Qd2 Qxd5 36. Be2 Rd4 37. Bxd3 Rxd3 38. Qe2 Ra8 39. Rfa1 Qc6 40. Qg4 d5 41. Qf5 Rc3 42. Rxa4 Rc1+ 43. Rxc1 Qxc1+ 44. Kh2 Rxa4 45. Qf8+ Kh7 46. Qf5+ Kg8 47. Qe6+ Kf8 48. Qd6+ Ke8 49. Qe6+ Kd8 50. Qd6+ Kc8 51. Qe6+ Kc7 52. Qe5+ Kb7 53. Qxd5+ Qc6 54. Qf7+ Ka6 55. Qxg7 Ra5 56. Qf7 Rd5 57. g4 Kb6 58. Qg7 Qc7+ 59. Qxc7+ Kxc7 60. Kg3 Re5 61. Kf4 Kd6 62. g3 Kd5 63. Ke3 Rg5 64. Kf4 Kd4 65. f3 exf3 66. Kxf3 Ke5 67. Kg2 Rxg4 68. Kh3 h5 69. Kh2 Ke4 70. Kg2 Ke3 71. Kh3 Kf3 72. Kh2 Rxg3 73. Kh1 Kf2 74. Kh2 h4 75. Kh1 Rh3# 0-1

[Event "36th Indian-ch U13 Open 2023"]
[Site "Secunderabad"]
[Date "2023.12.06"]
[Round "4.2"]
[White "Aakash G"]
[Black "Abheek Bhatt"]
[Result "1/2-1/2"]
[ECO "D36"]
[WhiteElo "1935"]
[BlackElo "1589"]
[Annotator "RC"]
[PlyCount "82"]
[EventDate "2023.12.04"]
[EventType "swiss"]
[EventCountry "IND"]
[SourceTitle "playchess.com"]
[Source "ChessBase"]
[SourceQuality "1"]
[TimeControl "5400+30"]

1. d4 d5 2. c4 e6 3. cxd5 exd5 4. Nc3 Nf6 5. Bg5 c6 6. Qc2 Be7 7. e3 O-O 8. Bd3 h6 9. Bh4 Re8 10. Nge2 Ne4 11. Bxe7 Qxe7 12. O-O Bf5 13. Rae1 Nxc3 14. Nxc3 Bxd3 15. Qxd3 Nd7 16. f3 Nb6 17. e4 Qb4 18. Re2 c5 19. dxc5 Qxc5+ 20. Kh1 dxe4 21. fxe4 Rad8 22. Qf3 Re7 23. Ref2 f6 24. h4 Kh7 25. a4 Red7 26. Qg4 Nc4 27. Qe2 Ne5 28. Qh5 Qe7 29. Nd5 Rxd5 30. exd5 Rxd5 31. Qf5+ Kg8 32. Qe4 Qd7 33. Qc2 Rd4 34. Rf4 Rd2 35. Qb3+ Kh8 36. Qc3 Rd3 37. Qc5 b6 38. Qc1 Rd2 39. a5 bxa5 40. R4f2 Rd4 41. Rf4 Rd2 1/2-1/2